 Dungeon Sprint DCSS version 0.19.1 (webtiles) character file.

1237 KingBobo974 the Fencer (level 8, -6/64 HPs)
             Began as a Minotaur Berserker on Dec 13, 2016.
             Was a Priest of Trog.
             Shot with an arrow by a centaur warrior (15 damage)
             ... in the Dungeon (Sprint I: "Red Sonja").
             The game lasted 00:03:50 (741 turns).

KingBobo974 the Fencer (Minotaur Berserker)          Turns: 741, Time: 00:03:51

Health: -6/64      AC: 14    Str: 24    XL:     8   Next: 24%
Magic:  7/7        EV:  8    Int:  4    God:    Trog [***...]
Gold:   405        SH:  0    Dex: 10    Spells: 0 memorised, 7 levels left

rFire  . . .     SeeInvis .     a - +0 falchion
rCold  . . .     Gourm    .     k - +0 plate armour
rNeg   . . .     Faith    .     (no shield)
rPois  .         Spirit   .     (helmet restricted)
rElec  .         Reflect  .     (no cloak)
rCorr  .         Harm     .     (no gloves)
MR     .....     NoTele   +     (no boots)
Stlth  ..........               (no amulet)
                                (no ring)
                                (no ring)

@: exhausted, slowed, very slow
A: retaliatory headbutt, horns 2
a: Berserk, Trog's Hand, Burn Spellbooks, Renounce Religion


You were in the Dungeon.
You worshipped Trog.
Trog was most pleased with you.
You were not hungry.

You visited 1 branch You collected 405 gold pieces.

Inventory:

Hand Weapons
 a - a +0 falchion (weapon)
Armour
 b - a +0 animal skin
 k - a +0 plate armour (worn)
Wands
 j - a wand of teleportation (6/9)
Scrolls
 i - a scroll of blinking
Potions
 d - a potion of curing
 e - a potion of heal wounds
 f - a potion of haste
 g - 2 potions of magic
 h - a potion of berserk rage


   Skills:
 - Level 3.6 Fighting
 * Level 17.7 Long Blades
 + Level 10.8 Armour
 - Level 2.1 Dodging
 - Level 1.2 Stealth


You had 7 spell levels left.
You didn't know any spells.

Dungeon Overview and Level Annotations

Branches:
Dungeon (1/1)

Altars:
Cheibriados
Dithmenos
Elyvilon
Fedhas
Gozag
Hepliaklqana
Kikubaaqudgha
Makhleb
Nemelex Xobeh
Okawaru
Qazlal
Ru
Sif Muna
Trog
Uskayaw
Vehumet
Xom
Yredelemnul
Zin
The Shining One
Jiyva
Lugonu

Shops:
D :


Innate Abilities, Weirdness & Mutations

You reflexively headbutt those who attack you in melee.
You have a pair of horns on your head.


Message History

Your black bear bites the centaur warrior!
Your black bear claws the centaur warrior but does no damage.
Your black bear misses the centaur warrior.
Something hits your black bear!
Your black bear dies!
Your black bear's corpse disappears in a puff of smoke!
The centaur warrior shoots an arrow.
The arrow hits you!
You see here an arrow.
The centaur warrior shoots an arrow.
The arrow barely misses you.
You see here 26 arrows.
The centaur warrior shoots an arrow.
The arrow hits you.
There is an open door, spattered with blood here.
You see here an arrow.
The centaur warrior shoots an arrow.
The arrow hits you!!
* * * LOW HITPOINT WARNING * * *
The centaur warrior shoots an arrow.
The arrow hits you!
* * * LOW HITPOINT WARNING * * *
You see here 2 arrows.
The centaur warrior shoots an arrow.
The arrow hits you!
You die...

##########################
#<.#..)..#..@..#__#..')..#
#..').#..').#(.'..'..#)..#
#..#####'#####(#__####...+
#..####..#...#c####)%#####
#..#__####..##§#c§§.§#
#..#_____##'#§.(§§≈§§+
#⌠⌠#_.∩...÷..._#§§§§.#
####_..__##_.#+##+####
#_____###+#


You could see a centaur warrior.

Vanquished Creatures
  2 kobold demonologists (D)
  A slime creature (D)
  A yak (D)
  Sigmund (D)
  A floating eye (D)
  An ogre (D)
  A jelly (D)
  Ijyb (D)
9 creatures vanquished.

Notes
Turn   | Place    | Note
-------+----------+-------------------------------------------
     0 | D        | KingBobo974 the Minotaur Berserker began the quest for the Orb.
     0 | D        | Reached XP level 1. HP: 19/19 MP: 0/0
     2 | D        | Noticed Ijyb
    10 | D        | Killed Ijyb
    10 | D        | Reached skill level 7 in Long Blades
    10 | D        | Reached XP level 2. HP: 17/26 MP: 1/1
    14 | D        | Noticed an ogre
    18 | D        | Killed an ogre
    18 | D        | Reached skill level 10 in Long Blades
    18 | D        | Reached skill level 5 in Armour
    18 | D        | Reached XP level 3. HP: 5/31 MP: 2/2
    18 | D        | Reached XP level 4. HP: 7/39 MP: 3/3
   267 | D        | Noticed Sigmund
   278 | D        | Killed Sigmund
   278 | D        | Reached ** piety under Trog
   278 | D        | Reached skill level 12 in Long Blades
   278 | D        | Reached XP level 5. HP: 29/45 MP: 4/4
   296 | D        | Found a deep blue altar of Sif Muna.
   298 | D        | Found a radiant altar of Vehumet.
   302 | D        | Reached skill level 13 in Long Blades
   302 | D        | Reached XP level 6. HP: 28/51 MP: 5/5
   305 | D        | Noticed a centaur warrior
   306 | D        | Noticed a centaur warrior
   335 | D        | Found Wuneyky's Book Emporium.
   335 | D        | Found an ancient bone altar of Kikubaaqudgha.
   335 | D        | Found a hazy altar of Hepliaklqana.
   335 | D        | Found a hide-covered altar of Uskayaw.
   335 | D        | Found a basalt altar of Yredelemnul.
   335 | D        | Found an opulent altar of Gozag.
   335 | D        | Found a snail-covered altar of Cheibriados.
   335 | D        | Found a sacrificial altar of Ru.
   335 | D        | Found a shadowy altar of Dithmenos.
   335 | D        | Noticed a yak
   345 | D        | Killed a yak
   345 | D        | Reached skill level 14 in Long Blades
   346 | D        | Found a stormy altar of Qazlal.
   346 | D        | Found a blossoming altar of Fedhas.
   346 | D        | Found a bloodstained altar of Trog.
   346 | D        | Found an iron altar of Okawaru.
   346 | D        | Found a glowing golden altar of the Shining One.
   346 | D        | Found a glowing silver altar of Zin.
   346 | D        | Found a white marble altar of Elyvilon.
   347 | D        | Found a sparkling altar of Nemelex Xobeh.
   477 | D        | Found a burning altar of Makhleb.
   477 | D        | Found a viscous altar of Jiyva.
   477 | D        | Found a shimmering altar of Xom.
   477 | D        | Found a corrupted altar of Lugonu.
   477 | D        | Noticed a slime creature
   482 | D        | Killed a slime creature
   482 | D        | Reached *** piety under Trog
   482 | D        | Reached skill level 15 in Long Blades
   482 | D        | Reached XP level 7. HP: 57/57 MP: 6/6
   532 | D        | Noticed a kobold demonologist
   533 | D        | Noticed a kobold demonologist
   535 | D        | Reached skill level 16 in Long Blades
   536 | D        | Noticed a sun demon
   537 | D        | Noticed a red devil
   539 | D        | Noticed a smoke demon
   541 | D        | Killed a kobold demonologist
   541 | D        | Reached skill level 17 in Long Blades
   541 | D        | Reached skill level 10 in Armour
   543 | D        | Noticed a smoke demon
   547 | D        | Killed a kobold demonologist
   547 | D        | Reached **** piety under Trog
   547 | D        | Reached skill level 1 in Stealth
   547 | D        | Reached XP level 8. HP: 42/64 MP: 7/7
   741 | D        | Shot with an arrow by a centaur warrior

Skill      XL: |  1  2  3  4  5  6  7 |
---------------+----------------------+-----
Long Blades    | 7 10 12 13 15 17 | 17.7
Armour         | 4 5 7 9 10 | 10.8
Stealth        | 1 |  1.2
Fighting       | |  3.6
Dodging        | |  2.1

Action                   |  1- 3 |  4- 6 |  7- 9 || total
-------------------------+-------+-------+-------++-------
Melee: Falchion          |    10 |    27 |    14 ||    51
       Headbutt          |     1 |    11 |     1 ||    13
Invok: Berserk           |     1 |     1 |     2 ||     4
       Brothers in Arms  |       |       |     1 ||     1
  Eat: Bread ration      |       |       |     1 ||     1
Armor: Animal skin       |       |     1 |       ||     1
       Plate armour      |       |     3 |     3 ||     6
Dodge: Dodged            |     4 |     6 |     3 ||    13
       Rpst.: Falchion   |     2 |     1 |     1 ||     4
